 Dungeon Crawl Stone Soup version 0.31-a0-986-g5e6e4ef867 (webtiles) character file.

Game seed: 6685772554356658472

66201 greenreed the Warrior (level 15, -3/166 HPs)
             Began as an Ogre Fighter on Nov 9, 2023.
             Was the Champion of Hepliaklqana.
             Killed from afar by Nessos (10 damage)
             ... with an iceblast
             ... on level 3 of the Lair of Beasts.
             The game lasted 00:49:07 (21687 turns).

greenreed the Warrior (Ogre Fighter)               Turns: 21687, Time: 00:49:07

Health: -3/166     AC: 12    Str: 30    XL:     15   Next: 19%
Magic:  15/15      EV:  9    Int:  9    God:    Hepliaklqana [******]
Gold:   1493       SH: 10    Dex:  6    Spells: 14/14 levels left

rFire   + + .        x - +2 trident (protect)
rCold   + . .        c - +0 kite shield
rNeg    . . .        N - +0 fire dragon scales
rPois   .            Q - +2 hat
rElec   .            m - +0 cloak
rCorr   .            (gloves unavailable)
SInv    .            (boots unavailable)
Will    ++...        l - amulet of faith Stlth
                     k - ring of willpower
HPRegen 0.47/turn    p - ring of Vimupeh {Fly rC++ Dex-2}
MPRegen 0.14/turn

%: faith
@: lethally poisoned (-3 -> -28), flying
A: reduced essence, large, unfitting armour, tough skin 1
a: Renounce Religion, Recall Ancestor, Ancestor Identity, Transference, Idealise


You were on level 3 of the Lair of Beasts.
You worshipped Hepliaklqana.
Hepliaklqana was exalted by your worship.
You visited 3 branches of the dungeon, and saw 19 of its levels.

You collected 1493 gold pieces.

Inventory:

Hand Weapons
 a - a +0 trident
 x - a +2 trident of protection (weapon)
Missiles
 j - 13 curare-tipped darts
 B - 5 datura-tipped darts
Armour
 c - a +0 kite shield (worn)
 m - a +0 cloak (worn)
 v - a scarf of invisibility
 N - +0 fire dragon scales (worn)
 Q - a +2 hat (worn)
Jewellery
 b - a +4 ring of slaying
 k - a ring of willpower (left hand)
 l - an amulet of faith (around neck)
 p - the ring of Vimupeh (right hand) {Fly rC++ Dex-2}
   (You took it off a centaur on level 12 of the Dungeon)

   [ring of flight]

   Dex-2:     It affects your dexterity (-2).
   rC++:      It greatly protects you from cold.
   Fly:       It grants you flight.
 r - a ring of ice
 E - an amulet of guardian spirit
 I - a +6 ring of dexterity
 P - a ring of ice
 R - a +5 ring of evasion
 V - an amulet of regeneration
Wands
 t - a wand of flame (13)
 y - a wand of light (3)
 H - a wand of paralysis (19)
 K - a wand of iceblast (11)
Scrolls
 e - 3 scrolls of immolation
 n - 4 scrolls of fog
 o - 4 scrolls of noise
 q - 3 scrolls of enchant armour
 s - 3 scrolls of enchant weapon
 u - 3 scrolls of amnesia
 w - 3 scrolls of vulnerability
 A - a scroll of brand weapon
 C - 6 scrolls of teleportation
 D - a scroll of fear {unknown}
 F - 3 scrolls of blinking
 G - 3 scrolls of torment
 L - 4 scrolls of poison
 O - 3 scrolls of revelation
Potions
 d - 2 potions of might
 f - 6 potions of mutation
 g - 3 potions of magic
 h - 6 potions of curing
 z - 7 potions of brilliance
 J - 3 potions of haste {unknown}
 M - 4 potions of lignification
 S - a potion of degeneration {unknown}
 T - a potion of attraction {unknown}
 U - a potion of enlightenment {unknown}
 W - a potion of heal wounds


   Skills:
 * Level 20.8 Fighting
 - Level 14.0 Polearms
 + Level 10.9 Dodging
 + Level 11.9 Shields


You had 14 spell levels left.
You didn't know any spells.
Your spell library contained the following spells:

 Spells                   Type           Power      Damage    Failure   Level
 Kiss of Death            Conj/Necr      0%         2d5       83%         1
 Magic Dart               Conj           0%         1d3       83%         1
 Necrotise                Necr           0%         1d4       83%         1
 Call Imp                 Summ           0%         N/A       93%         2
 Cigotuvi's Dreadful Rot  Necr/Pois/Air  0%         N/A       93%         2
 Ensorcelled Hibernation  Hex/Ice        0%         N/A       93%         2
 Passwall                 Tmut/Erth      0%         N/A       93%         2
 Scorch                   Fire           0%         2d5       93%         2
 Confusing Touch          Hex            0%         N/A       99%         3
 Ignite Poison            Fire/Tmut/Pois 0%         N/A       99%         3
 Mephitic Cloud           Conj/Pois/Air  0%         N/A       99%         3
 Ozocubu's Armour         Ice            0%         N/A       99%         3
 Swiftness                Air            0%         N/A       99%         3
 Vampiric Draining        Necr           0%         2d6       99%         3
 Brom's Barrelling Bould  Conj/Erth      0%         2d3       100%        4
 Dispel Undead            Necr           0%         3d6       100%        4
 Flame Wave               Conj/Fire      0%         2d4       100%        4
 Vhi's Electric Charge    Tloc/Air       0%         N/A       100%        4
 Agony                    Necr           0%         N/A       100%        5
 Arcjolt                  Conj/Air       0%         1d10      100%        5
 Fireball                 Conj/Fire      0%         3d3       100%        5
 Freezing Cloud           Conj/Ice/Air   0%         6-21      100%        5
 Iskenderun's Battlesphe  Conj           0%         2d6       100%        5
 Metabolic Englaciation   Hex/Ice        0%         N/A       100%        5
 Conjure Ball Lightning   Conj/Air       0%         3x3d6     100%        6
 Plasma Beam              Fire/Air       0%         2x1d10    100%        6
 Simulacrum               Ice/Necr       0%         N/A       100%        6
 Summon Cactus Giant      Summ           0%         N/A       100%        6
 Orb of Destruction       Conj           0%         9d5       100%        7


Dungeon Overview and Level Annotations

Branches:
Dungeon (15/15) Temple (1/1) D:4 Lair (3/5) D:8 Shoals (0/4) Lair:2 Spider (0/4) Lair:2 Orc (0/2) D:9 Vaults (0/5) D:12 D:13 Depths (0/4) D:15

Altars:
Ashenzari
Cheibriados
Dithmenos
Elyvilon
Fedhas
Gozag
Hepliaklqana
Kikubaaqudgha
Makhleb
Nemelex Xobeh
Okawaru
Qazlal
Ru
Sif Muna
Trog
Uskayaw
Vehumet
Wu Jian
Xom
Yredelemnul
Zin
The Shining One

Shops:
D:3 *   D:11 *   D:12 (

Annotations:
Lair:3 Nessos


Innate Abilities, Weirdness & Mutations

Your life essence is reduced to manifest your ancestor. (-10% HP)
You are too large for most types of armour.
You have tough skin. (AC +1)


Message History

Belshunu hits the cane toad with a +0 dagger of draining!
The cane toad dies!
You feel extremely sick.
Nessos shoots an arrow.
You block the arrow.
Nessos zaps a wand.
The mass of ice explodes!
The iceblast engulfs you. You partially resist.
You hear a trumpeting!
You feel extremely sick.
Nessos shoots an arrow.
The arrow barely misses you.
Belshunu casts a spell at Nessos.
Nessos resists with significant effort.
The elephant barely misses Belshunu.
The elephant trunk-slaps Belshunu.
You feel extremely sick.
Nessos shoots an arrow.
The arrow hits you! The arrow burns you.
Nessos shoots an arrow.
The arrow barely misses you.
You feel very sick.
Nessos shoots an arrow.
The arrow hits you! The arrow burns you.
You are more poisoned.
Nessos shoots an arrow.
The arrow barely misses you.
You feel extremely sick.
Nessos intently looks at you, slowly moving their tail.
Nessos shoots an arrow.
The arrow hits you!
* * * LOW HITPOINT WARNING * * *
The arrow burns you.
* * * LOW HITPOINT WARNING * * *
Nessos shoots an arrow.
You block the arrow.
You feel very sick.
Belshunu casts a spell at Nessos.
The elephant resists with almost no effort.
There is a stone staircase leading up here.
You feel very sick.
Nessos stands on their hind legs for a moment.
Nessos shoots an arrow.
The arrow hits you!
* * * LOW HITPOINT WARNING * * *
The arrow burns you.
You are more poisoned.
* * * LOW HITPOINT WARNING * * *
Belshunu casts a spell at Nessos.
Nessos resists with significant effort.
Nessos zaps a wand.
The mass of ice explodes!
The iceblast engulfs you! You partially resist.
You die...

# ##.........#
.###..R..###
....#Y...P#
..........##
#.........#
.....#..cY##
..#####(..Y###
#......###...
#...†@.....<.
#..#.#.#......
.....######....#
..... P..#.
#P#... ..# ####.
.#


You could see the friendly Belshunu the hexer, Nessos (fast, ally target) and 3
elephants.

Vanquished Creatures
  Josephine (D:13)
  A rakshasa (D:14)
  A fire dragon (D:9)
  2 hydras
  7 centaur warriors
  3 two-headed ogres
  2 boulder beetles (D:13)
  A tengu warrior (D:13)
  Sonja (Lair:2)
  10 skeletal warriors
  2 deep elf pyromancers
  A wolf spider (D:12)
  12 ugly things
  3 orc knights (D:12)
  4 cyclopes
  A black mamba (Lair:3)
  4 elephants (Lair:2)
  5 gargoyles
  3 cane toads (Lair:2)
  A kobold demonologist (D:12)
  An unseen horror (D:12)
  An efreet (D:9)
  2 rime drakes
  2 komodo dragons
  2 tengu conjurers
  A meliai (shapeshifter) (D:15)
  6 trolls
  3 meliai (D:14)
  A hornet (D:8)
  Grinder (D:4)
  A glass eye (shapeshifter) (D:11)
  3 slime creatures
  A shadow (D:11)
  2 vampires
  3 wraiths
  2 water elementals (D:15)
  2 wyverns
  A centaur simulacrum (D:11)
  25 yaks
  10 humans
  3 vampire mosquitoes
  A redback (Lair:2)
  2 steam dragons (D:8)
  A warg (shapeshifter) (D:9)
  An acid dragon (D:12)
  Duvessa (D:6)
  A meliai simulacrum (D:11)
  2 black bears
  3 orc warriors
  10 ice beasts
  A black bear (shapeshifter) (D:12)
  A wolf (D:8)
  7 centaurs (D:12)
  3 kobold brigands
  2 gnoll sergeants
  2 bullfrogs
  Dowan (D:6)
  6 wights
  9 killer bees
  3 howler monkeys
  3 electric eels
  3 hexers
  A crimson imp (D:10)
  2 hounds (D:4)
  6 orc priests
  A gnoll bouda (D:5)
  Jessica (D:2)
  2 iguanas
  Ijyb (D:3)
  5 orc wizards
  13 gnolls
  8 adders
  A shadow imp (D:7)
  2 white imps
  3 ufetubi (D:6)
  A worm (D:2)
  5 dart slugs
  33 orcs
  4 bats (D:1)
  5 endoplasms
  A giant cockroach (D:1)
  2 goblins
  6 hobgoblins
  26 kobolds
  3 quokkas
  9 ball pythons
  4 frilled lizards
  6 rats
352 creatures vanquished.

Vanquished Creatures (collateral kills)
  A great orb of eyes (shapeshifter) (D:12)
  A hydra (D:13)
  Erica (Lair:2)
  A centaur warrior (D:15)
  2 boulder beetles
  A two-headed ogre (D:11)
  A skyshark (Lair:2)
  2 skeletal warriors
  Lodul (D:13)
  A slime creature (D:15)
  A glowing orange brain (D:15)
  2 deep elf pyromancers
  A necromancer (D:12)
  2 ugly things
  2 elephants (Lair:2)
  6 cyclopes
  An unseen horror (D:10)
  A cane toad (Lair:3)
  A tengu conjurer (D:14)
  A troll (D:13)
  A tarantella (shapeshifter) (D:14)
  A hornet (D:10)
  Sigmund (D:5)
  A vampire (D:10)
  3 water elementals
  8 yaks
  5 humans
  4 wraiths
  A basilisk (D:9)
  A steam dragon (D:7)
  A vampire mosquito (D:12)
  2 ice beasts
  An orc warrior (D:9)
  A sky beast (D:6)
  A black bear (D:5)
  A wolf (D:11)
  A phantom (D:6)
  A centaur (D:12)
  2 kobold brigands
  A bullfrog (Lair:2)
  A scorpion (D:6)
  3 wights
  2 killer bees
  2 electric eels
  3 howler monkeys
  4 orc priests
  A hound (D:5)
  A sleepcap (D:5)
  5 orc wizards
  A centaur simulacrum (D:9)
  A gnoll (D:8)
  3 white imps
  An ufetubus (D:6)
  8 orcs
  8 kobolds
112 creatures vanquished.

Vanquished Creatures (others)
  An ogre mage (D:12)
  An ugly thing (D:15)
  25 hexers
  4 ancestors
31 creatures vanquished.

Grand Total: 495 creatures vanquished

Notes
Turn   | Place    | Note
-------+----------+-------------------------------------------
     0 | D:1      | greenreed the Ogre Fighter began the quest for the Orb.
     0 | D:1      | Reached XP level 1. HP: 24/24 MP: 1/1
   282 | D:1      | Reached XP level 2. HP: 32/32 MP: 2/2
   616 | D:1      | Reached XP level 3. HP: 40/40 MP: 3/3
   672 | D:1      | Found a faded altar of an unknown god.
  1316 | D:1      | Reached skill level 5 in Fighting
  1316 | D:1      | Reached XP level 4. HP: 34/50 MP: 4/4
  1737 | D:2      | Noticed Jessica
  1742 | D:2      | Killed Jessica
  1743 | D:2      | Reached XP level 5. HP: 41/57 MP: 5/5
  2018 | D:3      | Found Suviorer's Assorted Antiques.
  2033 | D:3      | Noticed Ijyb
  2042 | D:3      | Killed Ijyb
  2066 | D:3      | Reached skill level 6 in Fighting
  2066 | D:3      | Reached XP level 6. HP: 19/67 MP: 6/6
  2626 | D:4      | Found a staircase to the Ecumenical Temple.
  2638 | Temple   | Entered the Ecumenical Temple
  2659 | Temple   | Became a worshipper of Hepliaklqana the Forgotten
  2762 | D:4      | Found a stormy altar of Qazlal.
  2765 | D:4      | Found an ornate altar of the Wu Jian Council.
  2765 | D:4      | Found a bloodstained altar of Trog.
  2766 | D:4      | Found a glowing golden altar of the Shining One.
  2767 | D:4      | Found a shadowy altar of Dithmenos.
  2970 | D:4      | Noticed Grinder
  2976 | D:4      | Paralysed by Grinder for 4 turns
  2982 | D:4      | Paralysed by Grinder for 4 turns
  2991 | D:4      | Killed Grinder
  2992 | D:4      | Reached skill level 7 in Fighting
  2992 | D:4      | Reached XP level 7. HP: 10/78 MP: 7/7
  3468 | D:4      | Reached * piety under Hepliaklqana
  3644 | D:5      | Entered Level 5 of the Dungeon
  3651 | D:5      | Noticed Sigmund
  3662 | D:5      | Killed Sigmund
  3663 | D:5      | Reached skill level 5 in Polearms
  3812 | D:5      | Reached skill level 8 in Fighting
  3812 | D:5      | Reached XP level 8. HP: 79/79 MP: 8/8
  4514 | D:5      | Found a glowing silver altar of Zin.
  4514 | D:5      | Noticed an angel
  4687 | D:6      | Reached skill level 5 in Shields
  4797 | D:6      | Reached skill level 9 in Fighting
  5092 | D:6      | Reached XP level 9. HP: 65/90 MP: 9/9
  5177 | D:6      | Noticed Dowan
  5177 | D:6      | Noticed Duvessa
  5191 | D:6      | Killed Duvessa
  5193 | D:6      | Killed Dowan
  5354 | D:6      | Reached skill level 5 in Dodging
  5666 | D:7      | Reached ** piety under Hepliaklqana
  5667 | D:7      | Remembered your ancestor Belshunu as a hexer
  5754 | D:7      | Reached skill level 10 in Fighting
  6314 | D:7      | Reached skill level 11 in Fighting
  6458 | D:7      | Reached *** piety under Hepliaklqana
  6767 | D:8      | Reached XP level 10. HP: 85/102 MP: 10/10
  6964 | D:8      | Paralysed by a hornet for 2 turns
  7223 | D:8      | Reached skill level 12 in Fighting
  7316 | D:8      | Found a staircase to the Lair.
  8385 | D:9      | Reached XP level 11. HP: 66/113 MP: 11/11
  8392 | D:9      | Reached skill level 13 in Fighting
  8526 | D:9      | Found a staircase to the Orcish Mines.
  8695 | D:9      | Noticed a fire dragon
  8698 | D:9      | Noticed a centaur warrior
  8707 | D:9      | Killed a fire dragon
  8708 | D:9      | Reached skill level 10 in Polearms
  8713 | D:9      | Killed a centaur warrior
  9007 | D:9      | Reached **** piety under Hepliaklqana
  9235 | D:10     | Entered Level 10 of the Dungeon
  9332 | D:10     | Reached skill level 14 in Fighting
  9788 | D:10     | Found a burning altar of Makhleb.
  9789 | D:10     | Found a radiant altar of Vehumet.
 10349 | D:11     | Noticed a two-headed ogre
 10356 | D:11     | Noticed a cyclops
 10495 | D:11     | Killed a cyclops
 10561 | D:11     | Found Todghui's Mass Market.
 10574 | D:11     | Noticed a cyclops
 10587 | D:11     | Noticed a boulder beetle
 10590 | D:11     | Killed a two-headed ogre
 10591 | D:11     | Reached XP level 12. HP: 101/126 MP: 12/12
 10621 | D:11     | Reached skill level 15 in Fighting
 10632 | D:11     | Killed a boulder beetle
 11529 | D:12     | Identified the ring of Vimupeh {Fly rC++ Dex-2}
 11830 | D:12     | Noticed a two-headed ogre
 11839 | D:12     | Killed a two-headed ogre
 11910 | D:12     | Reached skill level 16 in Fighting
 11922 | D:12     | Reached ***** piety under Hepliaklqana
 12044 | D:12     | Found Niusan's Antique Weapon Shoppe.
 12442 | D:12     | Identified the +7 morningstar of Salt {drain, *Noise rCorr
                  | Str+3 Int+3}
 12627 | D:12     | Reached XP level 13. HP: 125/138 MP: 13/13
 13424 | D:12     | Reached skill level 17 in Fighting
 13502 | D:12     | Noticed a great orb of eyes
 13511 | D:12     | Killed a great orb of eyes
 13547 | D:13     | Noticed Lodul
 13547 | D:13     | Found a gate to the Vaults.
 14683 | D:13     | Reached skill level 10 in Shields
 14913 | D:13     | Reached skill level 18 in Fighting
 15581 | D:13     | Noticed Josephine
 15593 | D:13     | Killed Josephine
 15599 | D:13     | Reached XP level 14. HP: 95/152 MP: 14/14
 16049 | D:13     | Killed Lodul
 16759 | D:14     | Reached skill level 19 in Fighting
 17150 | D:14     | Reached skill level 10 in Dodging
 18101 | D:15     | Entered Level 15 of the Dungeon
 19379 | D:15     | Reached skill level 20 in Fighting
 20157 | D:15     | Found a staircase to the Depths.
 20333 | Lair:1   | Entered Level 1 of the Lair of Beasts
 20343 | Lair:1   | You are sucked into a shaft and drop 1 floor!
 20354 | Lair:2   | Noticed Sonja
 20388 | Lair:2   | Killed Sonja
 20680 | Lair:2   | Found a staircase to the Shoals.
 20700 | Lair:2   | Reached XP level 15. HP: 160/165 MP: 15/15
 20717 | Lair:2   | Reached ****** piety under Hepliaklqana
 20740 | Lair:2   | Found a hole to the Spider Nest.
 20791 | Lair:2   | Noticed Erica
 20808 | Lair:2   | Killed Erica
 21672 | Lair:3   | Noticed Nessos
 21687 | Lair:3   | HP: 8/166 [Nessos/arrow (15)]
 21687 | Lair:3   | Killed from afar by Nessos

Illustrated notes

Levels and vault maps discovered:
D:1:      dpeg_arrival_water_fire, layout_loops_ring,
          shapermc_ecumenical_altar_venn, minmay_misc_feat_hallway
D:2:      layout_loops_cross, nrook_loot_triangle, minmay_tromino_v4_c,
          uniq_jessica
D:3:      layout_rooms, serial_shops, shop, uniq_ijyb
D:4:      layout_basic, grunt_temple_overflow_open, temple_pool_b, uniq_grinder
D:5:      layout_loops_cross, zin_angel, chequers_garden, uniq_sigmund
D:6:      layout_gridville, uniq_duvessa
D:7:      layout_basic
D:8:      layout_basic, hellmonk_lair_entry_icy
D:9:      layout_roguey, hiddenorc1_lemuel, minmay_evil_grid
D:10:     layout_basic, grunt_temple_overflow_lords_of_destruction
D:11:     layout_rooms, serial_ice, serial_ice_l, serial_ice_d, serial_ice_m,
          serial_ice_n, serial_ice_b, serial_ice_g, minmay_misc_feat_alley,
          minmay_shop_mass
D:12:     minmay_the_grid_3x2 [minmay_the_grid_tiny_cups,
          minmay_the_grid_small_cups, minmay_the_grid_garden,
          minmay_the_grid_spin_star, minmay_the_grid_empty,
          minmay_the_grid_prize_big_room], layout_irregular_city, serial_shops,
          nicolae_shop_window_shopping
D:13:     minmay_s_stair_smasher, layout_loops_cross, david_vaults_3,
          uniq_josephine
D:14:     layout_long_grid, minmay_misc_feat_doors, minivault_14
D:15:     gammafunk_enter_depths_forms, layout_basic, nicolae_twisting_strands
Temple:   nicolae_temple_bog_church
Lair:1:   layout_loops_ring, serial_forest, infiniplex_forest_zigzag_1,
          infiniplex_forest_lined_4_way, infiniplex_forest_split,
          infiniplex_forest_corner_1, infiniplex_forest_clump_small,
          infiniplex_forest_end_2, infiniplex_forest_clump_tiny,
          infiniplex_forest_clump_diagonal
Lair:2:   layout_hall_layers, shoals_dummy_entry, spider_nest_entry_webs,
          serial_bayou_shore_a, uniq_erica, uniq_sonja
Lair:3:   layout_layer_cave, uniq_nessos

Skill      XL: |  1  2  3  4  5  6  7  8  9 10 11 12 13 14 |
---------------+-------------------------------------------+-----
Dodging        | 3 4 5 6 7 8 9 10 | 10.9
Fighting       | 5 6 7 8 9 11 12 14 16 18 20 | 20.8
Polearms       | 3 4 5 6 8 9 11 12 14 | 14.0
Shields        | 4 5 6 7 8 9 10 11 | 11.9

Action                     |  1- 3 |  4- 6 |  7- 9 | 10-12 | 13-15 || total
---------------------------+-------+-------+-------+-------+-------++-------
  Melee: Trident           |   100 |   155 |   260 |   618 |   867 ||  2000
 Invoke: Ancestor Life: He |       |       |     1 |       |       ||     1
         Recall Ancestor   |       |       |       |     2 |     7 ||     9
  Evoke: Wand              |       |       |       |     3 |       ||     3
    Use: Potion            |       |     2 |     1 |     2 |     5 ||    10
         Scroll            |       |       |       |    13 |     9 ||    22
   Stab: Sleeping          |     1 |     1 |       |       |       ||     2
         Distracted        |       |       |     3 |     1 |     8 ||    12
         Confused          |       |       |     1 |     5 |    15 ||    21
         Paralysed         |       |       |       |     4 |     3 ||     7
         Invisible         |       |       |       |     1 |       ||     1
 Armour: Robe              |    72 |    86 |   105 |       |       ||   263
         Steam dragon scal |       |       |    18 |    85 |       ||   103
         Fire dragon scale |       |       |       |   195 |   550 ||   745
  Dodge: Dodged            |    36 |    55 |    61 |   129 |   198 ||   479
  Block: Kite shield       |    34 |    57 |    76 |   164 |   305 ||   636

Table legend: (Time is in decaauts)
 A = Elapsed time spent in this place.
 B = Non-inter-level travel time spent in this place.
 C = Inter-level travel time spent in this place.
 D = Time resting spent in this place.
 E = Time spent auto-exploring this place.
 F = Levels seen in this place.
 G = Mean time per level.
                   A        B        C        D        E       F      G
               +--------+--------+--------+--------+--------+-----+--------+
         Total |  21458 |  20644 |    814 |   3382 |  13679 |  19 | 1129.4 |
       Dungeon |  20127 |  19367 |    760 |   3382 |  12640 |  15 | 1341.8 |
        Temple |     40 |      2 |     38 |      0 |      0 |   1 |   40.0 |
          Lair |   1290 |   1274 |     16 |      0 |   1039 |   3 |  430.0 |
               +--------+--------+--------+--------+--------+-----+--------+

Top non-repeatable levels by time:
    D:13: 2609 daAuts
    D:12: 1893 daAuts
    D:11: 1700 daAuts
    D:14: 1677 daAuts
    D:15: 1554 daAuts
    D:10: 1354 daAuts
     D:9: 1323 daAuts
  Lair:2: 1249 daAuts
     D:7: 1241 daAuts
     D:6: 1098 daAuts
     D:4: 1084 daAuts
     D:1: 1080 daAuts
     D:8: 1034 daAuts
     D:5: 964 daAuts
     D:2: 844 daAuts
